 Dungeon Crawl Stone Soup version 0.20.1-1-g8b1a95d (webtiles) character file.

178 mopl the Stinger (level 5, 0/42 HPs)
             Began as a Naga Venom Mage on Aug 28, 2017.
             Slain by a hippogriff (4 damage)
             ... on level 4 of the Dungeon.
             The game lasted 00:04:56 (2745 turns).

mopl the Stinger (Naga Venom Mage)                  Turns: 2745, Time: 00:04:57

Health: 0/42       AC:  6    Str: 10    XL:     5   Next: 58%
Magic:  1/10       EV: 12    Int: 16    God:
Gold:   143        SH:  0    Dex: 12    Spells: 0/10 levels left

rFire    . . .     SeeInvis +   B - +2 quarterstaff (chaos)
rCold    . . .     Gourm    .   (shield currently unavailable)
rNeg     . . .     Faith    .   a - +0 robe
rPois    +         Spirit   .   n - +2 helmet
rElec    .         Reflect  .   C - +0 cloak
rCorr    .         Harm     .   (no gloves)
MR       .....                  (no barding)
Stlth    +++.......             (no amulet)
Regen    0.2/turn               h - ring of stealth
MPRegen  0.2/turn               u - +2 ring of evasion

@: very slightly contaminated, very slow
A: see invisible, deformed body, poison resistance, slowness 2, slow metabolism
1, spit poison 1, AC +1
a: Spit Poison


You were on level 4 of the Dungeon.
You were not hungry.

You visited 1 branch of the dungeon, and saw 4 of its levels.

You collected 143 gold pieces.

Inventory:

Hand Weapons
 e - a +0 short sword
 B - a +2 quarterstaff of chaos (weapon)
Missiles
 l - 20 poisoned needles
Armour
 a - a +0 robe (worn)
 n - a +2 helmet (worn)
 C - a +0 cloak (worn)
Jewellery
 h - a ring of stealth (left hand)
 u - a +2 ring of evasion (right hand)
Wands
 D - a wand of acid (7/15)
Scrolls
 d - a scroll of noise {unknown}
 f - a scroll of enchant weapon {unknown}
 g - 4 scrolls of remove curse {unknown}
 q - 5 scrolls of identify {unknown}
 s - a scroll of enchant armour {unknown}
 v - a scroll of fog {unknown}
 x - 2 scrolls of blinking {unknown}
 y - a scroll of fear {unknown}
 z - 2 scrolls of teleportation {unknown}
Potions
 i - 2 potions of flight {unknown}
 j - 2 potions of invisibility {unknown}
 k - 2 potions of brilliance {unknown}
 m - a potion of degeneration {unknown}
 o - 2 potions of heal wounds {unknown}
 p - 2 potions of mutation {unknown}
 t - 3 potions of curing {unknown}
 w - a potion of cancellation {unknown}
Books
 b - a Young Poisoner's Handbook

   Spells                             Type                      Level
   a - Sting                          Conjuration/Poison           1
   b - Poisonous Vapours              Poison/Air                   2
   c - Mephitic Cloud                 Conjuration/Poison/Air       3
   d - Olgreb's Toxic Radiance        Poison                       4
   e - Venom Bolt                     Conjuration/Poison           5
Comestibles
 c - 2 bread rations
 r - a royal jelly
 A - 2 chunks of flesh


   Skills:
 - Level 1.5 Dodging
 - Level 3.0 Stealth
 + Level 3.4 Spellcasting
 + Level 3.2 Conjurations
 + Level 5.4 Poison Magic


You couldn't memorise any spells.
You knew the following spells:

 Your Spells              Type           Power        Failure   Level  Hunger
a - Sting                 Conj/Pois      ###.         3%          1    None
b - Poisonous Vapours     Pois/Air       ##....       9%          2    ##.....
c - Olgreb's Toxic Radia  Pois           ###.....     19%         4    ####...
d - Mephitic Cloud        Conj/Pois/Air  ##......     17%         3    ###....


Dungeon Overview and Level Annotations

Branches:
Dungeon (4/15)
 Temple: D:4-7

Altars:
Ashenzari


Innate Abilities, Weirdness & Mutations

You cannot wear boots.
Your serpentine skin is tough. (AC +1)
You have supernaturally acute eyesight. (SInv)
Armour fits poorly on your strangely shaped body.
Your system is resistant to poisons. (rPois)
You cover ground very slowly.
You have a slow metabolism.
You can spit poison.


Message History

* * * LOW HITPOINT WARNING * * *
The hippogriff closely misses you. The hippogriff claws you.
* * * LOW HITPOINT WARNING * * *
The hippogriff bites you but does no damage.
The hippogriff pecks you but does no damage.
The hippogriff claws you.
* * * LOW HITPOINT WARNING * * *
The hippogriff bites you but does no damage.
The hippogriff pecks you.
* * * LOW HITPOINT WARNING * * *
The hippogriff closely misses you.
Casting: Poisonous Vapours
Confirm with . or Enter, or press ? or * to list all spells.
Aiming: Sting
Press: ? - help, Shift-Dir - straight line, f/p - hippogriff
Aim: a hippogriff (almost dead, poisoned)
The sting hits the hippogriff.
The hippogriff looks even sicker.
The hippogriff is almost dead.
The hippogriff bites you.
You die...

......#.#.#
####..#.#.# #.#
#..#.#.# #.#
#....#.# #.#
#.#..#.# #.#
#.#..#.# #.#
#....#.# #.#######
#####...###.......#
............<.H@.#
#######..###.###.#
#..#..... .#
##.#.#...#.#
#.#.#####.# #.# .#
#># ## #.#


You could see a hippogriff.

Vanquished Creatures
  A hound (D:3)
  Crazy Yiuf (D:3)
  Jessica (D:3)
  3 adders
  3 oozes
  A worm (D:2)
  A dart slug (D:1)
  A ball python (D:3)
  A bat (D:1)
  6 giant cockroaches
  3 goblins
  6 hobgoblins
  9 jackals
  2 frilled lizards
  6 kobolds
  A quokka skeleton (D:4)
  2 rats (D:1)
48 creatures vanquished.

Notes
Turn   | Place    | Note
-------+----------+-------------------------------------------
     0 | D:1      | mopl the Naga Venom Mage began the quest for the Orb.
     0 | D:1      | Reached XP level 1. HP: 15/15 MP: 3/3
   370 | D:1      | Reached XP level 2. HP: 11/22 MP: 0/5
   522 | D:1      | Learned a level 2 spell: Poisonous Vapours
  1049 | D:2      | Reached XP level 3. HP: 25/28 MP: 1/6
  1069 | D:2      | Found a shattered altar of Ashenzari.
  1164 | D:2      | Reached skill level 2 in Conjurations
  1173 | D:2      | Learned a level 3 spell: Mephitic Cloud
  1905 | D:3      | Reached XP level 4. HP: 36/36 MP: 8/8
  2039 | D:3      | Reached skill level 3 in Spellcasting
  2453 | D:3      | Reached skill level 5 in Poison Magic
  2458 | D:3      | Noticed Jessica
  2469 | D:3      | Killed Jessica
  2469 | D:3      | Reached skill level 3 in Conjurations
  2469 | D:3      | Reached XP level 5. HP: 32/42 MP: 6/9
  2517 | D:3      | Learned a level 4 spell: Olgreb's Toxic Radiance
  2560 | D:3      | Found a runed door.
  2564 | D:3      | Noticed Crazy Yiuf
  2572 | D:3      | Killed Crazy Yiuf
  2729 | D:4      | Noticed a hippogriff
  2745 | D:4      | Slain by a hippogriff

Skill      XL: |  1  2  3  4 |
---------------+-------------+-----
Conjurations   | 2 3 |  3.2
Spellcasting   | 3 |  3.4
Poison Magic   | 5 |  5.4
Dodging        | |  1.5
Stealth        | |  3.0

Action                   |  1- 3 |  4- 6 || total
-------------------------+-------+-------++-------
Melee: Dagger            |    10 |       ||    10
       Unarmed           |     5 |       ||     5
       Short sword       |    45 |    51 ||    96
       Quarterstaff      |       |     5 ||     5
 Cast: Sting             |    14 |     1 ||    15
       Poisonous Vapours |    14 |    12 ||    26
       Olgreb's Toxic Ra |       |     2 ||     2
 Abil: Spit Poison       |     5 |     1 ||     6
 Stab: Sleeping          |     5 |     1 ||     6
  Eat: Chunk             |     3 |     4 ||     7
Armor: Robe              |    23 |    30 ||    53
Dodge: Dodged            |    43 |    57 ||   100
